 Dungeon Crawl Stone Soup version 0.27-a0-1202-ge72e49191c (webtiles) character file.

Game seed: 13554849224866639288

60 Ancestrald the Skirmisher (level 3, -2/33 HPs)
             Began as a Draconian Berserker on June 2, 2021.
             Was a Believer of Trog.
             Frozen to death by an endoplasm (4 damage)
             ... on level 2 of the Dungeon.
             The game lasted 00:07:26 (1232 turns).

Ancestrald the Skirmisher (Draconian Berserker)     Turns: 1232, Time: 00:07:26

Health: -2/33      AC:  5    Str: 20    XL:     3   Next: 82%
Magic:  3/3        EV:  9    Int:  7    God:    Trog [**....]
Gold:   30         SH:  7    Dex: 10    Spells: 2/2 levels left

rFire    . . .     SeeInvis .   b - +2 short sword (drain)
rCold    . . .     Faith    .   e - +0 kite shield
rNeg     . . .     Spirit   .   (armour unavailable)
rPois    .         Reflect  .   (helmet restricted)
rElec    .         Harm     .   (no cloak)
rCorr    .         Rampage  .   (no gloves)
Will     .....                  (no boots)
Stlth    +.........             (no amulet)
HPRegen  0.11/turn              (no ring)
MPRegen  0.08/turn              (no ring)

@: slowed, very slow
A: AC +5, unfitting armour, cold-blooded
a: Renounce Religion, Berserk, Trog's Hand


You were on level 2 of the Dungeon.
You worshipped Trog.
Trog was pleased with you.
You visited 1 branch of the dungeon, and saw 2 of its levels.

You collected 30 gold pieces.

Inventory:

Hand Weapons
 a - a +0 spear
 b - a +2 short sword of draining (weapon)
 d - a +0 dagger
 f - a +0 dagger
 g - a +0 whip
 i - a +0 battleaxe
 j - a +0 dagger
 l - a +0 club
Missiles
 h - 103 stones
Armour
 e - a +0 kite shield (worn)
 m - a +0 robe
 n - a +0 scale mail
Scrolls
 k - a scroll of enchant weapon {unknown}


   Skills:
 * Level 3.8 Fighting
 * Level 1.1 Short Blades
 - Level 3.2 Polearms
 * Level 3.5 Dodging
 + Level 0.1 Stealth
 * Level 0.2 Shields


You had 2 spell levels left.
You didn't know any spells.
Your spell library was empty.

Dungeon Overview and Level Annotations

Branches:
Dungeon (2/15)

Altars:


Innate Abilities, Weirdness & Mutations

Your plain brown scales are hard. (AC +5)
You cannot fit into any form of body armour.
You are cold-blooded and may be slowed by cold attacks.


Message History

You hit the endoplasm.
You kill the endoplasm!
Trog accepts your kill.
You can now call upon Trog for regeneration and willpower.
You block the goblin's attack. The goblin hits you but does no damage.
The endoplasm freezes you.
You are frozen.
You feel as though you will be slow longer.
You hit the goblin.
Your tail-slap misses the goblin.
The goblin is severely wounded.
The goblin hits you with a +0 dagger.
The endoplasm hits you but does no damage.
The goblin barely misses you. You block the endoplasm's attack.
You closely miss the goblin.
The goblin is heavily wounded.
The goblin closely misses you. The endoplasm freezes you.
You are frozen.
* * * LOW HITPOINT WARNING * * *
You feel as though you will be slow longer.
The goblin hits you with a +0 dagger.
* * * LOW HITPOINT WARNING * * *
You block the endoplasm's attack.
As you read the scroll labelled TUTZAD BEZOL, it crumbles to dust.
The scroll dissolves into smoke.
It was a scroll of fog.
The goblin hits you but does no damage. The endoplasm freezes you.
You are frozen.
* * * LOW HITPOINT WARNING * * *
You block the goblin's attack. The endoplasm closely misses you.
The goblin hits you but does no damage.
You puncture the goblin!
You kill the goblin!
Trog accepts your kill. The endoplasm freezes you.
You are frozen.
* * * LOW HITPOINT WARNING * * *
The endoplasm freezes you.
You are frozen.
You die...

#... #.#.#### .......#
.....#.# .....#†##
.....#..## .....#...#
##########
.......#.######.........
....[..........§@§§.....
w........######§J§§.....
..###.#..## #§§§§.[...
.. #.....# ##§##
....##....#####§§#
.#..>!........§§######
.......................
..................g....
##.....................


You could see an endoplasm.

Vanquished Creatures
  3 adders (D:2)
  5 ball pythons
  2 endoplasms
  A giant cockroach (D:1)
  2 goblins
  A hobgoblin (D:1)
  4 jackals (D:1)
  3 quokkas (D:1)
  2 bats
  3 frilled lizards (D:1)
  3 kobolds (D:1)
  4 rats (D:1)
33 creatures vanquished.

Notes
Turn   | Place    | Note
-------+----------+-------------------------------------------
     0 | D:1      | Ancestrald the Draconian Berserker began the quest for the
                  | Orb.
     0 | D:1      | Reached XP level 1. HP: 19/19 MP: 1/1
   277 | D:1      | Reached XP level 2. HP: 24/26 MP: 2/2
   428 | D:1      | Found a faded altar of an unknown god.
  1179 | D:2      | Reached XP level 3. HP: 29/33 MP: 3/3
  1221 | D:2      | Reached skill level 1 in Short Blades
  1225 | D:2      | Reached ** piety under Trog
  1232 | D:2      | Frozen to death by an endoplasm

Illustrated notes

Levels and vault maps discovered:
D:1:      eino_arrival_water_star, layout_loops_ring,
          hellmonk_ecumenical_altar_lost_god, serial_glass, glass_columns_a,
          glass_columns_a
D:2:      layout_rooms, uniq_crazy_yiuf_cottage, uniq_jessica

Skill      XL: |  1  2  3 |
---------------+----------+-----
Dodging        | 3 |  3.5
Short Blades   | 1 |  1.1
Fighting       | |  3.8
Polearms       | |  3.2
Stealth        | |  0.1
Shields        | |  0.2

Action                   || total
-------------------------++-------
Melee: Short sword       ||    91
       Tailslap          ||     6
Invok: Berserk           ||     1
  Use: Potion            ||     2
       Scroll            ||     1
Armor: Skin              ||    43
Dodge: Dodged            ||    51
Block: Kite shield       ||    35

Table legend: (Time is in decaauts)
 A = Elapsed time spent in this place.
 B = Non-inter-level travel time spent in this place.
 C = Inter-level travel time spent in this place.
 D = Time resting spent in this place.
 E = Time spent auto-exploring this place.
 F = Levels seen in this place.
 G = Mean time per level.
                   A        B        C        D        E       F      G
               +--------+--------+--------+--------+--------+-----+--------+
         Total |   1285 |   1247 |     38 |    142 |    659 |   2 |  642.5 |
       Dungeon |   1285 |   1247 |     38 |    142 |    659 |   2 |  642.5 |
               +--------+--------+--------+--------+--------+-----+--------+

Top non-repeatable levels by time:
     D:1: 1202 daAuts
     D:2: 83 daAuts
